 Dungeon Crawl Stone Soup version 0.21-a0-215-g0631661 (webtiles) character file.

7 CotterCat the Vexing (level 1, 0/16 HPs)
             Began as a Centaur Arcane Marksman on Aug 23, 2017.
             Slain by a leopard gecko (4 damage)
             ... on level 1 of the Dungeon.
             The game lasted 00:01:11 (258 turns).

CotterCat the Vexing (Centaur Arcane Marksman)       Turns: 258, Time: 00:01:11

Health: 0/16       AC:  4    Str: 12    XL:     1   Next: 83%
Magic:  2/2        EV: 10    Int: 12    God:
Gold:   2          SH:  0    Dex:  9    Spells: 1/2 levels left

rFire    . . .     SeeInvis .   a - +0 shortbow
rCold    . . .     Gourm    .   (shield currently unavailable)
rNeg     . . .     Faith    .   e - +0 robe
rPois    .         Spirit   .   (no helmet)
rElec    .         Reflect  .   (no cloak)
rCorr    .         Harm     .   (no gloves)
MR       .....                  (no barding)
Stlth    +.........             (no amulet)
HPRegen  0.05/turn              (no ring)
MPRegen  0.08/turn              (no ring)

@: very quick
A: hooves 3, deformed body, speed 2, tough skin 3
a: no special abilities


You were on level 1 of the Dungeon.
You were not hungry.

You visited 1 branch of the dungeon, and saw 1 of its levels.

You collected 2 gold pieces.

Inventory:

Hand Weapons
 a - a +0 shortbow (weapon)
Missiles
 d - 7 arrows (quivered)
 h - 7 needles of sleeping
Armour
 e - a +0 robe (worn)
Scrolls
 b - 2 scrolls of identify {unknown}
Books
 c - a book of Debilitation

   Spells                             Type                      Level
   a - Corona                         Hexes                        1
   b - Slow                           Hexes                        2
   c - Inner Flame                    Hexes/Fire                   3
   d - Portal Projectile              Hexes/Translocation          3
   e - Cause Fear                     Hexes                        4
   f - Leda's Liquefaction            Hexes/Earth                  4
Comestibles
 f - a bread ration
 g - 8 fruits


   Skills:
 + Level 1.2 Fighting
 + Level 2.8 Bows
 + Level 1.5 Dodging
 + Level 1.0 Spellcasting
 + Level 2.9 Hexes


You had one spell level left.
You knew the following spells:

 Your Spells              Type           Power        Failure   Level  Hunger
a - Corona                Hex            #......      9%          1    ##.....


Dungeon Overview and Level Annotations

Branches:
Dungeon (1/15)

Altars:


Innate Abilities, Weirdness & Mutations

You have hooves in place of feet.
Armour fits poorly on your strangely shaped body.
You cover ground very quickly.
You have extremely tough skin. (AC +3)


Message History

Press: ? - help, Shift-Dir - straight line, f/p - hobgoblin
Aim: a hobgoblin (moderately wounded)
You shoot an arrow. The arrow barely misses the hobgoblin.
The leopard gecko barely misses you. The leopard gecko bites you.
The hobgoblin hits you.
Firing (i - inventory):
d - 9 arrows (quivered)
Press: ? - help, Shift-Dir - straight line, f/p - hobgoblin
Aim: a hobgoblin (moderately wounded)
You shoot an arrow. The arrow hits the hobgoblin!
You kill the hobgoblin!
The leopard gecko bites you.
* * * LOW HITPOINT WARNING * * *
Firing (i - inventory):
d - 8 arrows (quivered)
Press: ? - help, Shift-Dir - straight line, f - leopard gecko
Aim: a leopard gecko You shoot an arrow.
The arrow closely misses the leopard gecko.
The leopard gecko bites you but does no damage.
The leopard gecko bites you.
You die...

# #... #### .# #
#..# ..##.# # #..#
...#.# # #..#
#..#.###### #..##
##.##..#.##.
#$..####..#........
##.........(.###.#..
+..@l((...(...(.....
####(..#########.#..
#.(## ##.##. #.##
#...## #.# #.#...
#.. #...## ###
###### # #


You could see a leopard gecko.

Vanquished Creatures
  2 hobgoblins (D:1)
  2 jackals (D:1)
  A frilled lizard (D:1)
  A rat (D:1)
6 creatures vanquished.

Notes
Turn   | Place    | Note
-------+----------+-------------------------------------------
     0 | D:1      | CotterCat the Centaur Arcane Marksman began the quest for the Orb.
     0 | D:1      | Reached XP level 1. HP: 16/16 MP: 2/2
   258 | D:1      | Slain by a leopard gecko

Vault maps used:
D:1:      dpeg_arrival_long_road, minmay_close_crescents

Action                   || total
-------------------------++-------
Melee: Unarmed           ||     4
       Kick              ||     1
 Fire: Shortbow          ||    16
Armor: Robe              ||     6
Dodge: Dodged            ||     6

Table legend:
 A = Spawn XP
 B = Non-spawn XP
 C = Spawn XP percentage of total XP
 D = Spawn monster count
 E = Non-spawn monster count
 F = Spawn count percentage of total count
 G = Total turns spent on level
                    A         B        C        D         E        F      G
               +---------+---------+-------+---------+---------+-------+---------
         Total |       0 |      10 |   0.0 |       0 |       6 |   0.0 |   258
               +---------+---------+-------+---------+---------+-------+---------
           D:1 |       0 |      10 |   0.0 |       0 |       6 |   0.0 |   258
               +---------+---------+-------+---------+---------+-------+---------
